 Dungeon Crawl Stone Soup version 0.23-a0-612-gcb482e9 (console) character file.

38 Duffy the Magician (level 3, -3/28 HPs)
             Began as a Naga Wizard on Dec 21, 2018.
             Slain by a river rat (8 damage)
             ... summoned by Eustachio
             ... on level 4 of the Dungeon.
             The game lasted 00:01:14 (789 turns).

Duffy the Magician (Naga Wizard)                     Turns: 789, Time: 00:01:15

Health: -3/28      AC:  2    Str:  9    XL:     3   Next: 43%
Magic:  5/8        EV: 10    Int: 19    God:
Gold:   29         SH:  0    Dex:  9    Spells: 5/9 levels left

rFire    . . .     SeeInvis +   (no weapon)
rCold    . . .     Gourm    .   (no shield)
rNeg     . . .     Faith    .   a - +0 robe
rPois    +         Spirit   .   b - +0 hat
rElec    .         Reflect  .   (no cloak)
rCorr    .         Harm     .   (no gloves)
MR       .....                  (no barding)
Stlth    ++........             (no amulet)
HPRegen  0.09/turn              (no ring)
MPRegen  0.11/turn              (no ring)

@: very slow
A: large, see invisible, deformed body, poison resistance, slowness 2, slow
metabolism 1, spit poison 1, AC +1
a: Spit Poison


You were on level 4 of the Dungeon.
You were not hungry.

You visited 1 branch of the dungeon, and saw 4 of its levels.

You collected 29 gold pieces.

Inventory:

Armour
 a - a +0 robe (worn)
 b - a +0 hat (worn)
Scrolls
 c - a scroll of enchant armour {unknown}
 e - a scroll of identify {unknown}
 g - a scroll of immolation {unknown}
 i - a scroll of teleportation {unknown}
Potions
 h - a potion of agility {unknown}
Comestibles
 d - 3 rations
 f - 2 chunks of flesh


   Skills:
 - Level 1.5 Dodging
 - Level 3.0 Stealth
 + Level 3.6 Spellcasting
 + Level 2.3 Conjurations
   Level 1.0 Summonings
   Level 1.0 Translocations


You had 5 spell levels left.
You knew the following spells:

 Your Spells              Type           Power        Failure   Level  Hunger
h - Magic Dart            Conj           ##..         5%          1    None
l - Conjure Flame         Conj/Fire      #.......     26%         3    ###....

Your spell library contained the following spells:

 Spells                   Type           Power        Failure   Level  Hunger
 Blink                    Tloc           N/A          14%         2    ##.....
 Call Imp                 Summ           #.......     14%         2    ##.....
 Slow                     Hex            #.......     22%         2    ##.....
 Mephitic Cloud           Conj/Pois/Air  #.......     30%         3    ###....


Dungeon Overview and Level Annotations

Branches:
Dungeon (4/15)
 Temple: D:4-7

Altars:

Annotations:
D:4 Eustachio


Innate Abilities, Weirdness & Mutations

You cannot wear boots.
Your serpentine skin is tough. (AC +1)
You have supernaturally acute eyesight. (SInv)
Armour fits poorly on your strangely shaped body.
Your system is resistant to poisons. (rPois)
You cover ground very slowly.
You have a slow metabolism.
You can spit poison.


Message History

The bat hits you but does no damage.
The rat twitches its whiskers.
The river rat barely misses you.
There is a stone staircase leading up here.
The iron imp closely misses you.
You climb upwards.
There is a stone staircase leading down here.
Your magical contamination has completely faded away.
There is a stone staircase leading down here.
You climb downwards.
You hear the hiss of flowing sand.
There is an entrance to an ossuary on this level.
Hurry and find it before the Level annotation: Eustachio You hear the slow hiss of an avalanche of sand nearby.
The bat barely misses you. x2; The bat hits you but does no damage.
The rat bites you. The river rat bites you.
Eustachio hits you with a +0 rapier. The rat bites you but does no damage.
There is a stone staircase leading up here.
The bat hits you. The river rat bites you!
You die...

#### ##..#### #
##.>##br# ..##
###....r@#
#..###......r@#
#............#
##..........#
##........##
##.......##
#..#....## ###
#..##...# ...#
#...#.###


You could see Eustachio, 2 river rats, a bat and a rat.

Vanquished Creatures
  An iguana (D:4)
  A leopard gecko (D:3)
  An orc (D:3)
  A bat (D:2)
  3 goblins
  A ball python (D:4)
  A frilled lizard (D:2)
  An orc zombie (D:4)
  2 rats
12 creatures vanquished.

Vanquished Creatures (others)
  9 toadstools (D:3)
9 creatures vanquished.

Grand Total: 21 creatures vanquished

Notes
Turn   | Place    | Note
-------+----------+-------------------------------------------
     0 | D:1      | Duffy the Naga Wizard began the quest for the Orb.
     0 | D:1      | Reached XP level 1. HP: 15/15 MP: 4/4
     6 | D:1      | Noticed a redback
     6 | D:1      | Noticed a wyvern
     7 | D:1      | Noticed a black bear
   469 | D:3      | Reached XP level 2. HP: 22/22 MP: 1/6
   674 | D:4      | Reached XP level 3. HP: 12/28 MP: 0/8
   679 | D:4      | Learned a level 3 spell: Conjure Flame
   745 | D:4      | Noticed Eustachio
   789 | D:4      | Slain by a river rat

Vault maps used:
D:1:      onia_arrival_zoo_common, chequers_serial_rivers_small_3,
          serial_bayou_lake_a
D:2:      minmay_evil_eye, lemuel_doored_altar, wad_orctagon
D:3:      cheibrodos_fertilizer, nicolae_dithmenos_shadow_blocks, uniq_grinder
D:4:      nicolae_overflow_crystal_walls, tgw_fedhas,
          minmay_temple_entry_statues_fountains, nicolae_ossuary_entry_giza,
          uniq_eustachio

Skill      XL: |  1  2 |
---------------+-------+-----
Conjurations   | 2 |  2.3
Dodging        | |  1.5
Stealth        | |  3.0
Spellcasting   | |  3.6
Summonings     | |  1.0
Translocations | |  1.0

Action                   || total
-------------------------++-------
 Cast: Magic Dart        ||    25
       Conjure Flame     ||     1
 Abil: Spit Poison       ||     6
Armor: Robe              ||    10
Dodge: Dodged            ||    21

Table legend:
 A = Non-vault XP
 B = Vault XP
 C = Vault XP percentage of total XP
 D = Non-vault monster count
 E = Vault monster count
 F = Vault count percentage of total count
                 A         B        C        D         E       F
            +---------+---------+-------+---------+---------+-------
      Total |      53 |       2 |   3.6 |      10 |       2 |  16.7
            +---------+---------+-------+---------+---------+-------
        D:2 |       5 |       1 |  16.7 |       3 |       1 |  25.0
        D:3 |      11 |       0 |   0.0 |       5 |       0 |   0.0
        D:4 |      37 |       1 |   2.6 |       2 |       1 |  33.3
            +---------+---------+-------+---------+---------+-------
